 Dungeon Crawl Stone Soup version 0.17.1-2-g5865329 (webtiles) character file.

51 RedPan the Conjurer (level 3, -1/26 HPs)
             Began as a Draconian Conjurer on Jan 23, 2016.
             Slain by a gnoll
             ... wielding a +0 club
              (6 damage)
             ... on level 1 of the Dungeon.
             The game lasted 00:03:35 (1299 turns).

RedPan the Conjurer (Draconian Conjurer)            Turns: 1299, Time: 00:03:35

Health: -1/26      AC:  5    Str: 10    XL:     3   Next: 58%
Magic:  0/7        EV: 12    Int: 16    God:
Gold:   51         SH:  0    Dex: 11    Spells: 1 memorised, 7 levels left

rFire  . . .     SeeInvis .     g - +0 whip
rCold  . . .     Clarity  .     (armour unavailable)
rNeg   . . .     SustAt   .     (no shield)
rPois  .         Gourm    .     (helmet restricted)
rElec  .         Spirit   .     (no cloak)
rCorr  .         Warding  .     (no gloves)
rMut   .         Stasis   .     (no boots)
MR     .....                    (no amulet)
Stlth  ++........               (no ring)
                                (no ring)

@: very slightly contaminated, not resistant to hostile enchantments, unstealthy
A: unfitting armour, cold-blooded, AC +5
a: no special abilities


You were on level 1 of the Dungeon.
You were hungry.

You visited 1 branch of the dungeon, and saw 2 of its levels.

You collected 51 gold pieces.

Inventory:

Hand Weapons
 g - a +0 whip (weapon)
Scrolls
 d - a scroll of noise {unknown}
 e - a scroll of teleportation {unknown}
 f - a scroll of remove curse {unknown}
Potions
 c - a potion of curing {unknown}
 i - a potion of brilliance {unknown}
 j - a potion of invisibility {unknown}
Books
 a - a book of Conjurations

   Spells                             Type                      Level
   a - Magic Dart                     Conjuration                  1
   b - Searing Ray                    Conjuration                  2
   c - Dazzling Spray                 Conjuration/Hexes            3
   d - Fulminant Prism                Conjuration/Hexes            4
   e - Iskenderun's Mystic Blast      Conjuration                  4
   f - Iskenderun's Battlesphere      Conjuration/Charms           5
Comestibles
 b - a bread ration
 h - a meat ration


   Skills:
 - Level 1.7 Dodging
 - Level 1.7 Stealth
 * Level 3.0 Spellcasting
 + Level 4.7 Conjurations


You had 7 spell levels left.
You knew the following spells:

 Your Spells              Type           Power        Failure   Level  Hunger
a - Magic Dart            Conj           ###.         3%          1    #......


Dungeon Overview and Level Annotations

Branches:
Dungeon (2/15)

Altars:


Innate Abilities, Weirdness & Mutations

Your plain brown scales are hard (AC +5).
Your body does not fit into most forms of armour.
You are cold-blooded and may be slowed by cold attacks.


Message History

Aiming: Magic Dart
Press: ? - help, Shift-Dir - straight line, f/p - gnoll
Aim: a gnoll, wielding a club (lightly wounded)
You miscast Magic Dart.
You are very lightly contaminated with residual magic.
Nothing appears to happen.
The jackal barks!
The gnoll closely misses you. The gnoll completely misses you.
You climb upwards.
There is a stone staircase leading down, spattered with blood here.
Casting: Magic Dart
Confirm with . or Enter, or press ? or * to list all spells.
Aiming: Magic Dart
Press: ? - help, Shift-Dir - straight line, f - gnoll
Aim: a gnoll, wielding a club (lightly wounded)
The magic dart hits the gnoll.
The gnoll is heavily wounded.
The gnoll hits you with a club.
You die...

.........##..####........##......
....................(......###...
................##.........# #...
###.###†........##.........###...
#......##............##........
#...(..##............##........
#............................[.
#.............g..............##
#...##........@.........##...##
#...##.........<........##...##
#............................##
#............................##
#......##............##......##
#......##............##......##
#.............##.........##†...
#####.......[.##.........#....>
#....................#.....


You could see a gnoll.

Vanquished Creatures
  2 gnolls
  A giant gecko (D:1)
  4 bats (D:1)
  4 goblins (D:1)
  2 hobgoblins (D:1)
  6 kobolds (D:1)
  A giant newt (D:1)
  5 jackals
  3 rats (D:1)
28 creatures vanquished.

Notes
Turn   | Place    | Note
--------------------------------------------------------------
     0 | D:1      | RedPan the Draconian Conjurer began the quest for the Orb.
     0 | D:1      | Reached XP level 1. HP: 14/14 MP: 3/3
   343 | D:1      | Reached XP level 2. HP: 15/20 MP: 0/5
   881 | D:1      | Reached XP level 3. HP: 26/26 MP: 7/7
  1299 | D:1      | Slain by a gnoll

Action                   || total
-------------------------++-------
Melee: Dagger            ||    17
       Whip              ||    80
 Cast: Magic Dart        ||    44
  Eat: Chunk             ||     1
